 Dungeon Crawl Stone Soup version 0.22-a0-612-gd2f0174 (webtiles) character file.

102 Supahsalami the Skirmisher (level 4, -1/37 HPs)
             Began as a Demonspawn Abyssal Knight on July 11, 2018.
             Was a Believer of Lugonu.
             Slain by Crazy Yiuf
             ... wielding a +2 quarterstaff of chaos
              (11 damage)
             ... on level 2 of the Dungeon.
             The game lasted 00:07:05 (3356 turns).

Supahsalami the Skirmisher (DsAK)                   Turns: 3356, Time: 00:07:06

Health: -1/37      AC:  3    Str: 14    XL:     4   Next: 50%
Magic:  6/6        EV: 11    Int: 13    God:    Lugonu [**....]
Gold:   108        SH:  0    Dex: 12    Spells: 3/3 levels left

rFire    . . .     SeeInvis .   a - +1 hand axe
rCold    . . .     Gourm    .   (no shield)
rNeg     . . .     Faith    .   h - +0 leather armour
rPois    .         Spirit   .   (helmet restricted)
rElec    .         Reflect  .   (no cloak)
rCorr    .         Harm     .   (no gloves)
MR       .....                  (no boots)
Stlth    +.........             (no amulet)
HPRegen  0.12/turn              (no ring)
MPRegen  0.10/turn              (no ring)

@: no status effects
A: horns 1
a: Depart the Abyss, Bend Space, Renounce Religion


You were on level 2 of the Dungeon.
You worshipped Lugonu.
Lugonu was pleased with you.
You were hungry.

You visited 1 branch of the dungeon, and saw 2 of its levels.
You visited the Abyss 1 time.

You collected 108 gold pieces.

Inventory:

Hand Weapons
 a - a +1 hand axe (weapon)
 b - a +0 hunting sling
Missiles
 f - 7 poisoned tomahawks (quivered)
 o - 19 poisoned needles
 v - 51 sling bullets
Armour
 g - a +0 scale mail
 h - a +0 leather armour (worn)
 q - a +0 chain mail
Wands
 t - a wand of iceblast (3)
Scrolls
 d - a scroll of fog {unknown}
 e - a scroll of identify {unknown}
 i - a scroll of remove curse {unknown}
 k - a scroll of magic mapping {unknown}
 m - 2 scrolls of blinking {unknown}
 n - a scroll of enchant armour {unknown}
 p - 2 scrolls of teleportation {unknown}
Potions
 j - 2 potions of heal wounds {unknown}
 l - a potion of brilliance {unknown}
 r - a potion of haste {unknown}
 u - a potion of lignification {unknown}
Comestibles
 c - 4 rations


   Skills:
 * Level 4.2 Fighting
 * Level 2.8 Axes
 + Level 2.3 Armour
 - Level 0.8 Dodging
 - Level 2.7 Invocations


You had 3 spell levels left.
You didn't know any spells.
Your spell library was empty.

Dungeon Overview and Level Annotations

Branches:
Dungeon (2/15)

Altars:
Yredelemnul

Annotations:
D:2 Crazy Yiuf


Innate Abilities, Weirdness & Mutations

You have a pair of small horns on your head.


Message History

Crazy Yiuf barely misses you. x2
You hit Crazy Yiuf but do no damage.
Crazy Yiuf is moderately wounded.
Crazy Yiuf yells, "Ice!
Scoff koolooloo sing-song."
Crazy Yiuf barely misses you.
You hit Crazy Yiuf. Your headbutt misses Crazy Yiuf.
Crazy Yiuf is severely wounded.
Crazy Yiuf hits you with a quarterstaff of chaos!
Crazy Yiuf freezes you.
You hit Crazy Yiuf.
You headbutt Crazy Yiuf, but do no damage.
Crazy Yiuf is severely wounded.
Crazy Yiuf laughs, "Snoogle!
Iron snockshim mumblescurry."
Crazy Yiuf hits you with a quarterstaff of chaos!
Crazy Yiuf burns you.
* * * LOW HITPOINT WARNING * * *
You barely miss Crazy Yiuf.
Crazy Yiuf is severely wounded.
Crazy Yiuf hits you with a quarterstaff of chaos!
You die...

###♣♣♣♣♣ ##....♣.♣♣♣ ####
##......♣..♣#...#
#......♣♣♣♣.@g..# ##....♣♣♣
♣♣#..)# #..###♣ #### #.## ####.#
########### .....#
##########..........
...###########..#.##...##########
...'.............................
...########.##..#.##..######.####


You could see Crazy Yiuf.

Vanquished Creatures
  4 adders (D:2)
  3 dart slugs
  A ball python (D:2)
  5 giant cockroaches
  2 gnoll zombies (D:2)
  10 hobgoblins
  10 bats
  2 frilled lizards (D:2)
  9 goblins
  6 kobolds
  8 rats
60 creatures vanquished.

Notes
Turn   | Place    | Note
-------+----------+-------------------------------------------
     0 | Abyss:1  | Supahsalami the Demonspawn Abyssal Knight began the quest for the Orb.
     0 | Abyss:1  | Reached XP level 1. HP: 18/18 MP: 2/2
    96 | Abyss:1  | Noticed a red very ugly thing
    99 | Abyss:1  | Noticed a chaos spawn
   105 | D:1      | Escaped the Abyss
   510 | D:1      | Gained mutation: You have a pair of small horns on your head. [demonic ancestry]
   510 | D:1      | Reached XP level 2. HP: 22/24 MP: 4/4
   599 | D:1      | Reached * piety under Lugonu
  1308 | D:1      | Reached XP level 3. HP: 30/30 MP: 5/5
  2092 | D:2      | Reached skill level 4 in Fighting
  2149 | D:2      | Found a runed door.
  2548 | D:2      | Reached XP level 4. HP: 37/37 MP: 6/6
  2706 | D:2      | Reached ** piety under Lugonu
  3148 | D:2      | Found a basalt altar of Yredelemnul.
  3350 | D:2      | Noticed Crazy Yiuf
  3356 | D:2      | Slain by Crazy Yiuf

Vault maps used:
D:1:      dpeg_arrival_morbid_curiosity, hangedman_decor_clover_reticule,
          minmay_misc_feat_chi, minmay_heptomino_d4
D:2:      minmay_diamond_boxcup, lemuel_zombie_altar_yredelemnul, first_ration,
          nrook_mini_backslash, uniq_crazy_yiuf_cottage

Skill      XL: |  1  2  3 |
---------------+----------+-----
Axes           | 2 |  2.8
Armour         | 2 |  2.3
Fighting       | 4 |  4.2
Dodging        | |  0.8
Invocations    | |  2.7

Action                   |  1- 3 |  4- 6 || total
-------------------------+-------+-------++-------
Melee: Hand axe          |    93 |    41 ||   134
       Headbutt          |    11 |    11 ||    22
 Fire: Hunting sling     |     2 |     6 ||     8
Invok: Depart the Abyss  |     1 |       ||     1
  Eat: Chunk             |     5 |     2 ||     7
Armor: Leather armour    |    33 |    19 ||    52
Dodge: Dodged            |    52 |    25 ||    77

Table legend:
 A = Spawn XP
 B = Non-spawn XP
 C = Spawn XP percentage of total XP
 D = Spawn monster count
 E = Non-spawn monster count
 F = Spawn count percentage of total count
 G = Total turns spent on level
                    A         B        C        D         E        F      G
               +---------+---------+-------+---------+---------+-------+---------
         Total |       0 |     147 |   0.0 |       0 |      60 |   0.0 |  3356
               +---------+---------+-------+---------+---------+-------+---------
           D:1 |       0 |      51 |   0.0 |       0 |      31 |   0.0 |  1685
           D:2 |       0 |      96 |   0.0 |       0 |      29 |   0.0 |  1566
               +---------+---------+-------+---------+---------+-------+---------
